 Dungeon Crawl Stone Soup version 0.30.1-3-gfc49f6343a (webtiles) character file.

Game seed: 2090240625061794921

105 CaptainMV the Gusty (level 4, 0/34 HPs)
             Began as a Demonspawn Wanderer on July 20, 2023.
             Slain by an orc
             ... wielding a +0 flail
              (4 damage)
             ... on level 3 of the Dungeon.
             The game lasted 00:14:04 (1212 turns).

CaptainMV the Gusty (Demonspawn Wanderer)           Turns: 1212, Time: 00:14:05

Health: 0/34       AC:  3    Str: 11    XL:     4   Next: 54%
Magic:  2/5        EV: 11    Int: 22    God:
Gold:   77         SH:  0    Dex: 13    Spells: 1/5 levels left

rFire   . . .        a - +1 falchion
rCold   . . .        (no shield)
rNeg    . . .        c - +0 robe
rPois   .            (helmet restricted)
rElec   .            (no cloak)
rCorr   .            f - +0 pair of gloves
SInv    .            (no boots)
Will    .....        (no amulet)
Stlth   ++           p - +6 ring of intelligence
HPRegen 0.25/turn    (no ring)
MPRegen 0.09/turn

%: no passive effects
@: no status effects
A: horns 1
a: no special abilities


You were on level 3 of the Dungeon.
You visited 1 branch of the dungeon, and saw 3 of its levels.

You collected 77 gold pieces.

Inventory:

Hand Weapons
 a - a +1 falchion (weapon)
Armour
 c - a +0 robe (worn)
 f - a +0 pair of gloves (worn)
Magical Staves
 b - a staff of cold
Jewellery
 k - a +6 ring of strength
 p - a +6 ring of intelligence (left hand)
Scrolls
 h - a scroll of fear
 i - a scroll of blinking
 m - a scroll of teleportation {unknown}
 q - a scroll of fog {unknown}
 r - 2 scrolls of amnesia
 t - a scroll of vulnerability {unknown}
Potions
 d - a potion of attraction
 g - a potion of haste
 j - a potion of resistance {unknown}
 l - a potion of brilliance {unknown}
 n - a potion of ambrosia {unknown}
 o - a potion of magic {unknown}
 s - a potion of lignification {unknown}


   Skills:
 + Level 2.5 Fighting
 + Level 2.6 Long Blades
 + Level 1.0 Armour
 + Level 0.8 Dodging
 + Level 1.7 Stealth
 + Level 1.2 Spellcasting
 + Level 0.7 Conjurations
 + Level 3.4 Air Magic


You had one spell level left.
You knew the following spells:

 Your Spells              Type           Power      Damage    Failure   Level
a - Shock                 Conj/Air       40%        1d5       6%          1
b - Mephitic Cloud        Conj/Pois/Air  7%         N/A       26%         3

Your spell library contained the following spells:

 Spells                   Type           Power      Damage    Failure   Level
 Cigotuvi's Dreadful Rot  Necr/Pois/Air  12%        N/A       14%         2


Dungeon Overview and Level Annotations

Branches:
Dungeon (3/15)

Altars:


Innate Abilities, Weirdness & Mutations

You have a pair of small horns on your head.


Message History

Found 6 gold pieces.
An orc comes into view. It is wielding a +0 club.
An orc wizard comes into view. It is wielding a +0 dagger.
An orc comes into view. It is wielding a +0 flail.
Found 13 gold pieces.
Casting: Shock (safe; 6% risk of failure)
Confirm with . or Enter, or press ? or * to list all spells.
The spell is quite dangerous to miscast (26% risk of failure)!
Continue anyway?
Aiming: Mephitic Cloud (quite dangerous; 26% risk of failure)
Press: ? - help, Shift-Dir - straight line, f - orc
Aim: an orc, wielding a +0 club and wearing a +0 ring mail (asleep, chance to affect: 96%)
The ball explodes into a vile cloud!
The stinking cloud engulfs the orc but does no damage.
The stinking cloud engulfs the orc wizard but does no damage.
The orc is engulfed in noxious fumes.
The orc appears confused.
The orc wizard points at you and mumbles some strange words.
You are confused.
The orc is engulfed in noxious fumes.
The orc appears confused.
You're too confused to move!
The orc hits you with a +0 flail! The orc hits you with a +0 club.
The orc wizard casts a spell at you. The magic dart hits you!
You barely miss the orc wizard. The orc closely misses you.
The orc completely misses the orc wizard.
The orc wizard hits you with a +0 dagger.
You hit the orc wizard but do no damage.
The orc hits you with a +0 flail.
The orc misses the orc.
The orc wizard casts a spell at you.
You are more confused.
You closely miss the orc wizard. Your punch misses the orc wizard.
The orc hits you with a +0 flail.
* * * LOW HITPOINT WARNING * * *
The orc closely misses the orc.
The orc wizard hits you with a +0 dagger.
* * * LOW HITPOINT WARNING * * *
Your magical effects are unravelling.
You feel magically purged.
You feel less confused. The orc hits you with a +0 flail.
You die...

## #....# ... #....#
..###....# ........#
#......#
#......######
#.oo.......# #.
#.o@...$...# #.
#..........########.
#.....######........
#.....# ###.....#..
#.....####..........
#####...##....#.###.
###.##.#.#......
#.##.......#†.
######'.....#......


You could see an orc wizard and 2 orcs.

Vanquished Creatures
  A hound (D:3)
  2 adders (D:2)
  A worm (D:2)
  2 dart slugs
  8 endoplasms
  4 giant cockroaches
  4 hobgoblins
  5 kobolds
  3 quokkas
  5 ball pythons
  4 bats
  A frilled lizard (D:2)
  3 goblins (D:2)
  3 rats
46 creatures vanquished.

Notes
Turn   | Place    | Note
-------+----------+-------------------------------------------
     0 | D:1      | CaptainMV the Demonspawn Wanderer began the quest for the
                  | Orb.
     0 | D:1      | CaptainMV set off with the following items: a +1 falchion,
                  | a scroll of fear, a +0 robe; and the following spell
                  | memorised: Shock; and the following spells available to
                  | memorise: Cigotuvi's Dreadful Rot, Mephitic Cloud.
     0 | D:1      | Reached XP level 1. HP: 16/16 MP: 2/2
   135 | D:1      | Reached skill level 3 in Air Magic
   214 | D:1      | Gained mutation: You have a pair of small horns on your
                  | head. [demonic ancestry]
   214 | D:1      | Reached XP level 2. HP: 7/22 MP: 3/3
   711 | D:2      | Reached XP level 3. HP: 27/27 MP: 0/4
   976 | D:2      | Reached XP level 4. HP: 12/34 MP: 5/5
   980 | D:2      | Learned a level 3 spell: Mephitic Cloud
  1212 | D:3      | Slain by an orc

Illustrated notes

Levels and vault maps discovered:
D:1:      dpeg_arrival_tiny_b, layout_loops_ring, chequers_decorated_corner
D:2:      layout_rooms, chequers_serial_rivers_marsh, st_stairs_5,
          hangedman_decor_growths, minmay_distorted
D:3:      layout_basic, mainiacjoe_overflow_surrounded_room,
          hangedman_decor_lopped, minmay_misc_feat_enclosed,
          hangedman_decor_diamond_cutter, uniq_jessica, uniq_natasha,
          uniq_grinder

Skill      XL: |  1  2  3 |
---------------+----------+-----
Air Magic      | 3 |  3.4
Long Blades    | 2 |  2.6
Fighting       | |  2.5
Armour         | |  1.0
Dodging        | |  0.8
Stealth        | |  1.7
Spellcasting   | |  1.2
Conjurations   | |  0.7

Action                     |  1- 3 |  4- 6 || total
---------------------------+-------+-------++-------
  Melee: Falchion          |    81 |    13 ||    94
         Headbutt          |    13 |     3 ||    16
   Cast: Shock             |    13 |     5 ||    18
         Mephitic Cloud    |       |     1 ||     1
    Use: Scroll            |     5 |       ||     5
         Potion            |       |     1 ||     1
   Stab: Sleeping          |     6 |       ||     6
 Armour: Robe              |    23 |     4 ||    27
  Dodge: Dodged            |    37 |     6 ||    43
